 Dungeon Sprint DCSS version 0.21-a0-278-ga722497 (webtiles) character file.

38 potatolord6000 the Skirmisher (level 3, 0/36 HPs)
             Began as a Hill Orc Fighter on Sept 21, 2017.
             Was a Believer of Beogh.
             Impaled on a porcupine's spines (5 damage)
             ... in the Dungeon (Sprint VII: "The Pits").
             The game lasted 00:00:49 (222 turns).

potatolord6000 the Skirmisher (Hill Orc Fighter)     Turns: 222, Time: 00:00:50

Health: 0/36       AC:  7    Str: 24    XL:     3   Next: 43%
Magic:  3/5        EV:  7    Int:  8    God:    Beogh [**....]
Gold:   0          SH: 10    Dex: 10    Spells: 2/2 levels left

rFire    . . .     SeeInvis .   a - +0 war axe
rCold    . . .     Gourm    .   c - +0 shield
rNeg     . . .     Faith    .   b - +0 scale mail
rPois    .         Spirit   .   (no helmet)
rElec    .         Reflect  .   (no cloak)
rCorr    .         Harm     .   (no gloves)
MR       .....     NoTele   +   (no boots)
Stlth    ..........             (no amulet)
HPRegen  0.12/turn              (no ring)
MPRegen  0.09/turn              (no ring)

@: mighty, lethally poisoned (0 -> -7), berserk cooldown, hasted and slowed
A: no striking features
a: Smiting, Renounce Religion


You were in the Dungeon.
You worshipped Beogh.
Beogh was pleased with you.
You were not hungry.

You visited 1 branch

Inventory:

Hand Weapons
 a - a +0 war axe (weapon)
Armour
 b - a +0 scale mail (worn)
 c - a +0 shield (worn)
Scrolls
 k - a scroll of blinking
 m - 3 scrolls of remove curse
 n - 5 scrolls of amnesia
 o - a scroll of summoning
Potions
 e - a potion of curing
 g - a potion of heal wounds
 i - 4 potions of magic
 j - 2 potions of berserk rage
 l - 2 potions of invisibility
Comestibles
 f - 8 bread rations
 p - 40 fruits
 q - 7 meat rations


   Skills:
 + Level 5.0 Fighting
 + Level 4.7 Axes
 + Level 4.6 Armour
 + Level 4.6 Shields
 + Level 3.1 Invocations


You had 2 spell levels left.
You didn't know any spells.

Dungeon Overview and Level Annotations

Branches:
Dungeon (1/1)

Altars:
Ashenzari
Cheibriados
Dithmenos
Elyvilon
Fedhas
Gozag
Hepliaklqana
Kikubaaqudgha
Makhleb
Nemelex Xobeh
Okawaru
Qazlal
Ru
Sif Muna
Trog
Uskayaw
Vehumet
Wu Jian
Xom
Yredelemnul
Zin
The Shining One
Beogh
Jiyva
Lugonu


Message History

Increase (S)trength, (I)ntelligence, or (D)exterity?
You feel stronger.
You feel sick.
Unknown command.
Unknown command.
You are struck by the porcupine's spines.
You closely miss the porcupine.
You feel sick. You block the porcupine's attack.
Unknown command.
Unknown command.
You slash the porcupine!
The porcupine is severely wounded.
You are no longer berserk.
You pass out from exhaustion.
You feel yourself slow down.
You feel sick. The porcupine bites you! The porcupine bites you!
* * * LOW HITPOINT WARNING * * *
You can move again.
You are struck by the porcupine's spines.
You die...

#.?(.')))'.##......#..#
##########.##..........
#...........'..........
#+#####'#####......#..#
#.....# #..........
#...†.# ####'#####+
###'### #.......#
#.)...# #.......#
#...@.# #.......#
####r## #...<...#
#........##.......#
#........##.......#
###########.......#
#########


You could see a porcupine.

Vanquished Creatures
  A worker ant (D)
  An ufetubus (D)
  An ooze (D)
  A ball python (D)
  A hobgoblin (D)
  A bat (D)
  A kobold (D)
  A rat (D)
8 creatures vanquished.

Notes
Turn   | Place    | Note
-------+----------+-------------------------------------------
     0 | D        | potatolord6000 the Hill Orc Fighter began the quest for the Orb.
     0 | D        | Reached XP level 1. HP: 19/19 MP: 1/1
    51 | D        | Found a bloodstained altar of Trog.
    51 | D        | Found a deep blue altar of Sif Muna.
    51 | D        | Found a viscous altar of Jiyva.
    51 | D        | Found a hazy altar of Hepliaklqana.
    51 | D        | Found an opulent altar of Gozag.
    52 | D        | Found a glowing golden altar of the Shining One.
    52 | D        | Found a glowing silver altar of Zin.
    52 | D        | Found a basalt altar of Yredelemnul.
    52 | D        | Found a shimmering altar of Xom.
    52 | D        | Found an ornate altar of the Wu Jian Council.
    52 | D        | Found a sacrificial altar of Ru.
    52 | D        | Found a stormy altar of Qazlal.
    52 | D        | Found an iron altar of Okawaru.
    52 | D        | Found a sparkling altar of Nemelex Xobeh.
    52 | D        | Found a burning altar of Makhleb.
    52 | D        | Found a blossoming altar of Fedhas.
    52 | D        | Found a white marble altar of Elyvilon.
    52 | D        | Found a shadowy altar of Dithmenos.
    52 | D        | Found a snail-covered altar of Cheibriados.
    54 | D        | Found a radiant altar of Vehumet.
    54 | D        | Found a corrupted altar of Lugonu.
    54 | D        | Found a roughly hewn altar of Beogh.
    56 | D        | Found an ancient bone altar of Kikubaaqudgha.
    56 | D        | Found a hide-covered altar of Uskayaw.
    56 | D        | Found a shattered altar of Ashenzari.
    64 | D        | Became a worshipper of Beogh the Brigand
    85 | D        | Reached skill level 1 in Invocations
    94 | D        | Reached * piety under Beogh
    94 | D        | Reached skill level 4 in Fighting
    94 | D        | Reached XP level 2. HP: 17/27 MP: 1/3
   203 | D        | Noticed a porcupine
   216 | D        | Reached ** piety under Beogh
   218 | D        | Reached skill level 5 in Fighting
   218 | D        | Reached XP level 3. HP: 36/36 MP: 3/5
   222 | D        | Impaled on a porcupine's spines

Vault maps used:
D:        pitsprint

Skill      XL: |  1  2 |
---------------+-------+-----
Axes           | 3 4 |  4.7
Invocations    | 1 3 |  3.1
Fighting       | 4 5 |  5.0
Armour         | 4 |  4.6
Shields        | 4 |  4.6

Action                   || total
-------------------------++-------
Melee: War axe           ||    28
  Use: Potion            ||     3
Armor: Scale mail        ||    15
Dodge: Dodged            ||    15
Block: Shield            ||    17

Table legend:
 A = Spawn XP
 B = Non-spawn XP
 C = Spawn XP percentage of total XP
 D = Spawn monster count
 E = Non-spawn monster count
 F = Spawn count percentage of total count
 G = Total turns spent on level
                    A         B        C        D         E        F      G
               +---------+---------+-------+---------+---------+-------+---------
         Total |       0 |      55 |   0.0 |       0 |       8 |   0.0 |   222
               +---------+---------+-------+---------+---------+-------+---------
             D |       0 |      55 |   0.0 |       0 |       8 |   0.0 |   222
               +---------+---------+-------+---------+---------+-------+---------
